 Dungeon Crawl Stone Soup version 0.27.1-33-g824d729ab1 (webtiles) character file.

Game seed: 12253859979187329266

53 Garessta the Vexing (level 3, 0/19 HPs)
             Began as a Vampire Enchanter on Dec 7, 2021.
             Shot with a stone by a goblin (2 damage)
             ... on level 3 of the Dungeon.
             The game lasted 00:06:06 (1964 turns).

Garessta the Vexing (Vampire Enchanter)             Turns: 1964, Time: 00:06:07

Health: 0/19       AC:  2    Str:  7    XL:     3   Next: 64%
Magic:  4/6        EV: 12    Int: 17    God:
Gold:   47         SH:  0    Dex: 15    Spells: 3/6 levels left

rFire    . . .     SeeInvis +   a - +1 dagger
rCold    + + .     Faith    .   (no shield)
rNeg     + + +     Spirit   .   b - +0 robe
rPois    ∞         Reflect  .   (no helmet)
rElec    .         Harm     .   (no cloak)
rCorr    .         Rampage  .   (no gloves)
Will     .....                  (no boots)
Stlth    +++++.....             (no amulet)
HPRegen  0.00/turn              (no ring)
MPRegen  0.10/turn              (no ring)

@: bloodless, inhibited regen
A: bloodless, fangs 3, see invisible, vampiric 2
a: Bat Form, Revivify


You were on level 3 of the Dungeon.
You visited 1 branch of the dungeon, and saw 3 of its levels.

You collected 47 gold pieces.

Inventory:

Hand Weapons
 a - a +1 dagger (weapon)
Armour
 b - a +0 robe (worn)
Wands
 c - a wand of digging (9)
 f - a wand of flame (24)
Scrolls
 d - a scroll of silence {unknown}
 h - a scroll of enchant weapon {unknown}
 j - a scroll of identify
Potions
 e - a potion of heal wounds
 g - 2 potions of resistance
 i - a potion of lignification {unknown}


   Skills:
 - Level 1.1 Short Blades
 - Level 2.1 Dodging
 + Level 5.4 Stealth
 - Level 2.0 Spellcasting
 * Level 6.2 Hexes


You had 3 spell levels left.
You knew the following spells:

 Your Spells              Type           Power      Damage    Failure   Level
a - Corona                Hex            24%        N/A       1%          1
b - Ensorcelled Hibernat  Hex/Ice        24%        N/A       9%          2

Your spell library contained the following spells:

 Spells                   Type           Power      Damage    Failure   Level
 Confusing Touch          Hex            22%        N/A       4%          3
 Tukima's Dance           Hex            22%        N/A       4%          3
 Dazzling Flash           Conj/Hex       24%        N/A       16%         3


Dungeon Overview and Level Annotations

Branches:
Dungeon (3/15)

Altars:


Innate Abilities, Weirdness & Mutations

You do not regenerate when monsters are visible.
You are frail without blood (-20% HP).
You can heal yourself when you bite living creatures.
You are immune to poison.
You have razor-sharp teeth.
You have supernaturally acute eyesight. (SInv)
You are afflicted with vampirism and can become a bat while bloodless.


Message History

The endoplasm is heavily wounded.
The endoplasm freezes you.
You are frozen.
You resist.
You hit the endoplasm.
The endoplasm is severely wounded.
The endoplasm completely misses you.
You hit the endoplasm.
You kill the endoplasm!
You start resting.
Magic restored.
i - a white potion A hobgoblin comes into view.
It is wielding a +0 trident.
You see here a scroll of identify.
j - a scroll of identify The hobgoblin shouts!
You hit the hobgoblin.
The hobgoblin is severely wounded.
You hear a shout!
The hobgoblin barely misses you.
You barely miss the hobgoblin.
The hobgoblin is severely wounded.
The hobgoblin hits you with a +0 trident.
You barely miss the hobgoblin.
The hobgoblin is severely wounded.
The hobgoblin hits you with a +0 trident.
A goblin comes into view. It is wielding a +0 club.
You barely miss the hobgoblin.
The hobgoblin is severely wounded.
The hobgoblin hits you with a +0 trident.
* * * LOW HITPOINT WARNING * * *
The goblin unwields a +0 club.
The goblin wields a +0 hunting sling.
The goblin shoots a stone.
The stone hits you.
* * * LOW HITPOINT WARNING * * *
Casting: Ensorcelled Hibernation (safe; 9% risk of failure)
Confirm with . or Enter, or press ? or * to list all spells.
Aiming: Ensorcelled Hibernation (safe; 9% risk of failure)
Press: ? - help, Shift-Dir - straight line, f - hobgoblin
Aim: a hobgoblin, wielding a +0 trident (severely wounded, chance to affect: 61%)
The hobgoblin looks drowsy...
The goblin shoots a stone.
The stone hits you.
You die...

#.# #........).... #†#
#........#### ### #.#
#..........###.... #..
#.....#..#...#.#..
##.###......#..#.......
##........(..#.........
........#..#..#..##
.#......#...#..#..#
.............#..@.#
##.....)#..#..#.g.#
#####.###..#..#...g #.
....#...#..# ##
#..#..#..####
#...#..#.# #....#.[.#
#..#..#..# ... ..


You could see a hobgoblin (asleep) and a goblin.

Vanquished Creatures
  A worm (D:3)
  3 dart slugs
  An orc (D:3)
  4 ball pythons
  6 endoplasms
  4 giant cockroaches
  3 goblins (D:1)
  3 hobgoblins
  3 quokkas
  2 bats (D:2)
  4 frilled lizards
  4 kobolds
  2 rats (D:2)
40 creatures vanquished.

Notes
Turn   | Place    | Note
-------+----------+-------------------------------------------
     0 | D:1      | Garessta the Vampire Enchanter began the quest for the Orb.
     0 | D:1      | Reached XP level 1. HP: 13/13 MP: 3/3
   152 | D:1      | Reached skill level 5 in Hexes
   194 | D:1      | Reached XP level 2. HP: 13/19 MP: 3/5
   242 | D:1      | Learned a level 2 spell: Ensorcelled Hibernation
   727 | D:1      | Reached skill level 5 in Stealth
   999 | D:2      | Gained mutation: You are afflicted with vampirism and can
                  | become a bat while bloodless. [Vampire growth]
   999 | D:2      | Reached XP level 3. HP: 19/24 MP: 1/6
  1518 | D:2      | Reached skill level 6 in Hexes
  1964 | D:3      | Shot with a stone by a goblin

Illustrated notes

Levels and vault maps discovered:
D:1:      amcnicky_arrival_choice, layout_loops_ring
D:2:      layout_basic, hex_large
D:3:      layout_rooms, minmay_misc_feat_diagonals

Skill      XL: |  1  2  3 |
---------------+----------+-----
Hexes          | 5 6 |  6.2
Stealth        | 5 |  5.4
Short Blades   | |  1.1
Dodging        | |  2.1
Spellcasting   | |  2.0

Action                   || total
-------------------------++-------
Melee: Dagger            ||   119
       Bite              ||     6
 Cast: Corona            ||     5
       Ensorcelled Hiber ||    14
 Abil: Exsanguinate      ||     1
  Use: Scroll            ||     2
 Stab: Sleeping          ||    25
Armor: Robe              ||    14
Dodge: Dodged            ||    46
